 Dungeon Crawl Stone Soup version 0.31-a0-177-g4aa6249778 (webtiles) character file.

Game seed: 7309807308905764969

38 qw the Shooter (level 3, -3/32 HPs)
             Began as a Naga Hunter on June 18, 2023.
             Slain by a gnoll
             ... wielding a +0 club
              (5 damage)
             ... on level 2 of the Dungeon.
             The game lasted 00:00:15 (621 turns).

qw the Shooter (Naga Hunter)                         Turns: 621, Time: 00:00:16

Health: -3/32      AC:  3    Str: 13    XL:     3   Next: 43%
Magic:  0/3        EV:  9    Int:  9    God:
Gold:   81         SH:  0    Dex: 16    Spells: 2/2 levels left

rFire   . . .        Y - +0 shortbow (freeze)
rCold   . . .        (shield currently unavailable)
rNeg    . . .        c - +0 leather armour
rPois   +            (no helmet)
rElec   .            (no cloak)
rCorr   .            i - +0 pair of gloves
SInv    +            (no barding)
Will    .....        g - amulet of guardian spirit
Stlth   ++           (no ring)
HPRegen 0.25/turn    (no ring)
MPRegen 0.08/turn

%: guardian spirit
@: short of breath, very slow
A: AC +1, large, see invisible, deformed body, poison resistance, slowness 2,
spit poison 1, naga tail 1
a: Spit Poison


You were on level 2 of the Dungeon.
You visited 1 branch of the dungeon, and saw 2 of its levels.

You collected 81 gold pieces.


Innate Abilities, Weirdness & Mutations

Your serpentine skin is tough. (AC +1)
You have supernaturally acute eyesight. (SInv)
Armour fits poorly on your strangely shaped body.
Your system is resistant to poisons. (rPois)
You cover ground very slowly.
You can spit poison.
You have a snake-like lower body.


   Skills:
 - Level 2.0 Fighting
 + Level 4.7 Ranged Weapons
 - Level 1.5 Dodging
 - Level 1.5 Stealth


You had 2 spell levels left.
You didn't know any spells.
Your spell library was empty.

Inventory:

Hand Weapons
 Y - a +0 shortbow of freezing (weapon)
Armour
 c - a +0 leather armour (worn)
 i - a +0 pair of gloves (worn)
Jewellery
 g - an amulet of guardian spirit (around neck)
Potions
 j - a potion of magic {unknown}

Dungeon Overview and Level Annotations

Branches:
Dungeon (2/15)

Altars:
Trog

Shops:
D:2 ?


Message History

The frilled lizard hisses angrily.
The gnoll shouts!
An adder comes into view.
You shoot an arrow. The arrow barely misses the gnoll.
An endoplasm comes into view.
You shoot an arrow.
The arrow hits the gnoll but does no damage.
The gnoll is almost dead.
You have got your breath back.
You kill the gnoll!
The frilled lizard hisses.
You have reached level 3!
Your experience leads to an increase in your attributes!
Increase (S)trength, (I)ntelligence, or (D)exterity?
You feel agile. x2; Your skin feels tougher.
617 ||| INVOKING Spit Poison.
Aiming: Spit Poison (2% risk of failure)
Press: ? - help, Shift-Dir - straight line, f - gnoll The splash of poison misses the gnoll.
You shoot an arrow. The arrow barely misses the adder.
The arrow hits the gnoll but does no damage.
The adder bites you.
A goblin comes into view. It is wielding a +0 club.
The adder bites you but does no damage.
The gnoll hits you from afar with a +0 spear!
You shoot an arrow. The goblin shouts!
The arrow hits the adder.
The arrow freezes the adder.
The adder is severely wounded.
The adder bites you but does no damage. The gnoll barely misses you.
The adder closely misses you.
You shoot an arrow. The arrow hits the adder.
The arrow freezes the adder.
You kill the adder!
The gnoll hits you from afar with a +0 spear!
You shoot an arrow. The arrow barely misses the gnoll.
The arrow hits the endoplasm.
The arrow freezes the endoplasm.
The endoplasm is severely wounded.
The gnoll hits you from afar with a +0 spear!
The gnoll hits you with a +0 club. The gnoll closely misses you.
The gnoll hits you with a +0 club.
You die...

.#. . .. #
#. \..# #.
.#. #.#..
...#.Jl
#.ggg######
#@....#
#:###.######
#.# #......#
#.#
#.##.#.##
#..
#..PP...#
##.
#.P.7...# .
#P7...P.#
.##P._P.P##
#<..)7P.#


You could see 2 gnolls, an endoplasm, a goblin and a frilled lizard.

Vanquished Creatures
  A gnoll (D:2)
  An adder (D:2)
  A dart slug (D:1)
  A bat (D:1)
  3 endoplasms (D:1)
  3 goblins
  A hobgoblin (D:1)
  2 ball pythons (D:1)
  2 frilled lizards (D:1)
  4 rats (D:1)
19 creatures vanquished.

Notes
Turn   | Place    | Note
-------+----------+-------------------------------------------
     0 | D:1      | qw the Naga Hunter began the quest for the Orb.
     0 | D:1      | Reached XP level 1. HP: 19/19 MP: 1/1
     0 | D:1      | 0 ||| qw: Version: 0.3-a-7-ge0c9b40
     0 | D:1      | 0 ||| qw: Game counter: 718
     0 | D:1      | 0 ||| qw: Always use a shield: true
     0 | D:1      | 0 ||| qw: God list: Okawaru
     0 | D:1      | 0 ||| qw: Allow faded altars: false
     0 | D:1      | 0 ||| qw: Do Orc after D:15 true
     0 | D:1      | 0 ||| qw: Do second Lair branch before Depths: true
     0 | D:1      | 0 ||| qw: Lair rune preference: random
     0 | D:1      | 0 ||| qw: Plans: Normal
     0 | D:1      | 0 ||| PLANNING D:1-11
    28 | D:1      | 28 ||| INVOKING Spit Poison.
    49 | D:1      | 49 ||| INVOKING Spit Poison.
    52 | D:1      | 52 ||| INVOKING Spit Poison.
    58 | D:1      | Reached skill level 4 in Ranged Weapons
    58 | D:1      | Reached XP level 2. HP: 26/26 MP: 2/2
   100 | D:1      | 100 ||| INVOKING Spit Poison.
   113 | D:1      | 113 ||| INVOKING Spit Poison.
   145 | D:1      | 145 ||| INVOKING Spit Poison.
   191 | D:1      | 191 ||| INVOKING Spit Poison.
   205 | D:1      | 205 ||| INVOKING Spit Poison.
   270 | D:1      | 270 ||| INVOKING Spit Poison.
   386 | D:1      | 386 ||| INVOKING Spit Poison.
   391 | D:1      | 391 ||| INVOKING Spit Poison.
   503 | D:1      | 503 ||| UPGRADING to +0 pair of gloves.
   508 | D:1      | Found a bloodstained altar of Trog.
   509 | D:1      | 509 ||| UPGRADING to amulet of guardian spirit.
   514 | D:1      | 514 ||| READING 2 scrolls labelled VIULIV JOENUGH.
   515 | D:1      | 515 ||| READING 2 scrolls labelled ZAW LUTOATHA.
   516 | D:1      | 516 ||| READING scroll labelled KACICU FOLAJOUR.
   517 | D:1      | 517 ||| READING scroll labelled TADESKOEMU.
   518 | D:1      | 518 ||| READING scroll labelled BOTYEH IGIARA.
   562 | D:1      | 562 ||| DROPPING scroll of vulnerability.
   563 | D:1      | 563 ||| DROPPING scroll of butterflies.
   564 | D:1      | 564 ||| DROPPING scroll of immolation.
   594 | D:2      | Found a faded altar of an unknown god.
   596 | D:2      | 596 ||| INVOKING Spit Poison.
   612 | D:2      | Found Codgheas's Magic Scroll Shoppe.
   613 | D:2      | 613 ||| INVOKING Spit Poison.
   617 | D:2      | Reached XP level 3. HP: 32/32 MP: 3/3
   617 | D:2      | 617 ||| INVOKING Spit Poison.
   621 | D:2      | HP: 7/32 [gnoll/+0 spear (8)]
   621 | D:2      | HP: 2/32 [gnoll/+0 club (5)]
   621 | D:2      | Slain by a gnoll

Levels and vault maps discovered:
D:1:      dpeg_arrival_lava_altar, layout_basic, chequers_serial_rivers_small_b
D:2:      layout_basic, ebering_ecumenical_altar_petrified, serial_shops,
          nicolae_diamond_shop

Skill      XL: |  1 |
---------------+----+-----
Ranged Weapons | 4 |  4.7
Fighting       | |  2.0
Dodging        | |  1.5
Stealth        | |  1.5

Action                     || total
---------------------------++-------
   Fire: Shortbow          ||    34
Ability: Spit Poison       ||    14
    Use: Scroll            ||     5
 Armour: Leather armour    ||     4
  Dodge: Dodged            ||     6

Table legend:
 A = Non-vault XP
 B = Vault XP
 C = Vault XP percentage of total XP
 D = Non-vault monster count
 E = Vault monster count
 F = Vault count percentage of total count
                 A         B        C        D         E       F
            +---------+---------+-------+---------+---------+-------
      Total |      55 |       0 |   0.0 |      19 |       0 |   0.0
            +---------+---------+-------+---------+---------+-------
        D:1 |      26 |       0 |   0.0 |      16 |       0 |   0.0
        D:2 |      29 |       0 |   0.0 |       3 |       0 |   0.0
            +---------+---------+-------+---------+---------+-------
